 Dungeon Crawl Stone Soup version 0.31-a0-986-g5e6e4ef867 (webtiles) character file.

Game seed: 13478484288637890789

70 zenocrate the Sneak (level 4, -1/24 HPs)
             Began as a Kobold Ice Elementalist on Nov 8, 2023.
             Slain by Crazy Yiuf
             ... wielding a +2 quarterstaff of chaos
              (12 damage)
             ... on level 2 of the Dungeon.
             The game lasted 00:02:04 (2071 turns).

zenocrate the Sneak (Kobold Ice Elementalist)       Turns: 2071, Time: 00:02:04

Health: -1/24      AC:  4    Str:  5    XL:     4   Next: 44%
Magic:  4/7        EV: 15    Int: 16    God:
Gold:   209        SH:  0    Dex: 17    Spells: 0/7 levels left

rFire   . . .        a - +0 dagger
rCold   . . .        (no shield)
rNeg    . . .        f - +0 robe
rPois   .            (no helmet)
rElec   .            (no cloak)
rCorr   .            l - +0 pair of gloves
SInv    .            k - +0 pair of boots
Will    .....        (no amulet)
Stlth   ++++         h - ring of flight
HPRegen 0.24/turn    (no ring)
MPRegen 0.10/turn

%: no passive effects
@: flying, hasted, very quick
A: small, no large weapons, nightstalker 3
a: no special abilities


You were on level 2 of the Dungeon.
You visited 1 branch of the dungeon, and saw 2 of its levels.

You collected 209 gold pieces.

Inventory:

Hand Weapons
 a - a +0 dagger (weapon)
Missiles
 q - 2 poisoned darts
Armour
 c - a +0 buckler
 f - a +0 robe (worn)
 k - a +0 pair of boots (worn)
 l - a +0 pair of gloves (worn)
Jewellery
 h - a ring of flight (left hand)
Scrolls
 d - 2 scrolls of teleportation {unknown}
 e - a scroll of enchant armour {unknown}
 g - a scroll of enchant weapon {unknown}
 i - a scroll of amnesia {unknown}
 o - a scroll of noise {unknown}
Potions
 b - a potion of magic
 j - a potion of berserk rage {unknown}
 m - a potion of haste {unknown}
 n - a potion of heal wounds
 p - a potion of degeneration {unknown}


   Skills:
 + Level 2.8 Short Blades
 - Level 2.4 Dodging
 + Level 4.6 Stealth
 - Level 2.1 Spellcasting
 + Level 4.3 Ice Magic


You couldn't memorise any spells.
You knew the following spells:

 Your Spells              Type           Power      Damage    Failure   Level
a - Freeze                Ice            60%        1d7       3%          1
b - Frozen Ramparts       Ice            30%        1d5       11%         3
c - Ozocubu's Armour      Ice            15%        N/A       11%         3

Your spell library contained the following spells:

 Spells                   Type           Power      Damage    Failure   Level
 Summon Ice Beast         Ice/Summ       8%         N/A       63%         4


Dungeon Overview and Level Annotations

Branches:
Dungeon (2/15)

Altars:

Annotations:
D:2 Crazy Yiuf


Innate Abilities, Weirdness & Mutations

You are small and have problems with some larger weapons.
You are completely attuned to the shadows.


Message History

No reachable target in view!
No reachable target in view!
You reach down and open the door.
Casting: Freeze (safe; 3% risk of failure)
Confirm with . or Enter, or press ? or * to list all spells.
Aiming: Freeze (safe; 3% risk of failure)
Press: ? - help, Shift-Dir - straight line, f - Crazy Yiuf
Aim: Crazy Yiuf, wielding a +2 quarterstaff of chaos and wearing a +1 cloak of stealth You freeze Crazy Yiuf!
Crazy Yiuf is moderately wounded.
Crazy Yiuf hits you but does no damage.
You are electrocuted!!
Ouch! That really hurt!
* * * LOW HITPOINT WARNING * * *
Unknown command.
You aren't carrying any items that you can evoke.
Unknown command.
It was a potion of heal wounds.
You feel much better. Crazy Yiuf closely misses you.
Unknown command.
Casting: Freeze (safe; 3% risk of failure)
Confirm with . or Enter, or press ? or * to list all spells.
Aiming: Freeze (safe; 3% risk of failure)
Press: ? - help, Shift-Dir - straight line, f/p - Crazy Yiuf
Aim: Crazy Yiuf, wielding a +2 quarterstaff of chaos and wearing a +1 cloak of stealth (moderately wounded)
You freeze Crazy Yiuf.
Crazy Yiuf is severely wounded.
Crazy Yiuf hits you with a +2 quarterstaff of chaos!
Ouch! That really hurt!
You feel yourself speed up.
Unknown command.
Casting: Freeze (safe; 3% risk of failure)
Confirm with . or Enter, or press ? or * to list all spells.
Aiming: Freeze (safe; 3% risk of failure)
Press: ? - help, Shift-Dir - straight line, f/p - Crazy Yiuf
Aim: Crazy Yiuf, wielding a +2 quarterstaff of chaos and wearing a +1 cloak of stealth (severely wounded)
You freeze Crazy Yiuf.
Crazy Yiuf is severely wounded.
Crazy Yiuf hits you with a +2 quarterstaff of chaos!
Ouch! That really hurt!
You die...

#.#.##.# #.#.##.#
#......# ###.####
#.# # #.# # ##
♣♣#####.# # )..#♣♣
♣♣P.+....#
...g@♣♣♣♣P.....###
...#♣..♣.......#
## ♣♣♣.♣.P.+..###
♣♣♣♣♣##...[#
####.####
########### #.....
#....†....# ######
#....####.# #.####
#.#


You could see Crazy Yiuf.

Vanquished Creatures
  4 adders (D:2)
  A ball python (D:1)
  4 endoplasms
  A giant cockroach (D:1)
  4 goblins (D:1)
  4 hobgoblins
  2 jackals (D:2)
  2 kobolds (D:2)
  A quokka (D:2)
  2 frilled lizards
  7 rats
32 creatures vanquished.

Notes
Turn   | Place    | Note
-------+----------+-------------------------------------------
     0 | D:1      | zenocrate the Kobold Ice Elementalist began the quest for
                  | the Orb.
     0 | D:1      | Reached XP level 1. HP: 10/10 MP: 3/3
   412 | D:1      | Reached XP level 2. HP: 15/15 MP: 5/5
   734 | D:1      | Reached skill level 1 in Short Blades
   905 | D:1      | Found a faded altar of an unknown god.
  1122 | D:2      | Reached XP level 3. HP: 9/19 MP: 2/6
  1573 | D:2      | Found a runed translucent door.
  1576 | D:2      | Noticed Crazy Yiuf
  1617 | D:2      | Reached XP level 4. HP: 24/24 MP: 7/7
  1621 | D:2      | Learned a level 3 spell: Frozen Ramparts
  1625 | D:2      | Learned a level 3 spell: Ozocubu's Armour
  2071 | D:2      | Slain by Crazy Yiuf

Illustrated notes

Levels and vault maps discovered:
D:1:      amcnicky_arrival_wind_blow, layout_basic,
          shapermc_ecumenical_altar_notcrosses
D:2:      layout_loops_cross, uniq_crazy_yiuf_cottage

Skill      XL: |  1  2 |
---------------+-------+-----
Stealth        | 3 4 |  4.6
Short Blades   | 2 |  2.8
Dodging        | |  2.4
Spellcasting   | |  2.1
Ice Magic      | |  4.3

Action                     |  1- 3 |  4- 6 || total
---------------------------+-------+-------++-------
  Melee: Dagger            |    45 |     9 ||    54
         Unarmed           |     1 |       ||     1
         Punch             |       |     1 ||     1
   Cast: Freeze            |    25 |     5 ||    30
    Use: Potion            |       |     1 ||     1
   Stab: Sleeping          |     9 |     3 ||    12
 Armour: Robe              |    21 |     7 ||    28
  Dodge: Dodged            |    40 |     6 ||    46

Table legend: (Time is in decaauts)
 A = Elapsed time spent in this place.
 B = Non-inter-level travel time spent in this place.
 C = Inter-level travel time spent in this place.
 D = Time resting spent in this place.
 E = Time spent auto-exploring this place.
 F = Levels seen in this place.
 G = Mean time per level.
                   A        B        C        D        E       F      G
               +--------+--------+--------+--------+--------+-----+--------+
         Total |   2064 |   2018 |     46 |      0 |   1715 |   2 | 1032.0 |
       Dungeon |   2064 |   2018 |     46 |      0 |   1715 |   2 | 1032.0 |
               +--------+--------+--------+--------+--------+-----+--------+

Top non-repeatable levels by time:
     D:1: 1073 daAuts
     D:2: 991 daAuts
